 Dungeon Crawl Stone Soup version 0.24.0-10-g970556be89 (webtiles) character file.

Game seed: 11449280528102148085, levelgen mode: deterministic

221 Curus the Poker (level 5, -1/45 HPs)
             Began as a Draconian Berserker on Nov 4, 2019.
             Was a Believer of Trog.
             Killed from afar by Natasha (5 damage)
             ... with a magic dart
             ... on level 3 of the Dungeon.
             The game lasted 00:07:32 (1676 turns).

Curus the Poker (Draconian Berserker)               Turns: 1676, Time: 00:07:34

Health: -1/45      AC:  5    Str: 19    XL:     5   Next: 65%
Magic:  5/5        EV: 12    Int:  7    God:    Trog [**....]
Gold:   219        SH:  3    Dex: 12    Spells: 4/4 levels left

rFire    . . .     SeeInvis .   i - +0 trident
rCold    . . .     Gourm    .   d - +0 buckler
rNeg     + . .     Faith    .   (armour unavailable)
rPois    .         Spirit   .   (helmet restricted)
rElec    .         Reflect  .   (no cloak)
rCorr    .         Harm     .   (no gloves)
MR       .....                  (no boots)
Stlth    +.........             (no amulet)
HPRegen  0.15/turn              f - ring of positive energy
MPRegen  0.09/turn              (no ring)

@: berserk cooldown, slowed, very slow
A: unfitting armour, cold-blooded, AC +5
a: Berserk, Trog's Hand, Renounce Religion


You were on level 3 of the Dungeon.
You worshipped Trog.
Trog was pleased with you.
You were very hungry.

You visited 1 branch of the dungeon, and saw 3 of its levels.

You collected 219 gold pieces.

Inventory:

Hand Weapons
 a - a +0 spear
 i - a +0 trident (weapon)
Armour
 d - a +0 buckler (worn)
Jewellery
 f - a ring of positive energy (left hand)
Scrolls
 h - 2 scrolls of identify
Potions
 c - 2 potions of flight
 e - 2 potions of haste
 g - a potion of might
Comestibles
 b - 5 rations


   Skills:
 - Level 3.2 Fighting
 + Level 6.4 Polearms
 - Level 2.6 Dodging


You had 4 spell levels left.
You didn't know any spells.
Your spell library was empty.

Dungeon Overview and Level Annotations

Branches:
Dungeon (3/15)

Altars:

Annotations:
D:3 Natasha


Innate Abilities, Weirdness & Mutations

Your plain brown scales are hard. (AC +5)
You cannot fit into any form of body armour.
You are cold-blooded and may be slowed by cold attacks.


Message History

You kill the sky beast!
Trog accepts your kill.
Your Polearms skill increases to level 6!
You have reached level 5!
You start resting.
You feel a strong urge to attack something.
Natasha, Servant of Life and Death comes into view.
You feel your anger nearly subside.
You are no longer berserk.
You pass out from exhaustion.
You feel yourself slow down.
You can move again.
You start resting.
Natasha is too close now for your liking.
Natasha casts a spell.
The white imp gestures at you. The puff of frost hits you!
* * * LOW HITPOINT WARNING * * *
Natasha stares at you and mumbles some strange words.
The magic dart hits you.
You die...

#.≈≈ #.≈≈≈≈≈ #≈≈≈≈≈≈
#..≈≈≈ #≈.≈≈≈ ≈..≈
##.###########
.######.....†.5....#
..........@...h.##.
.####.#.#######.#
........##### ..
#####.......# h
#.......#
#.......######.#
#..............#
###.#
#.......########
.)..#
#..............


You could see Natasha and a white imp.

Vanquished Creatures
  A sky beast (D:3)
  Natasha (D:3)
  4 adders (D:2)
  2 oozes
  A worm (D:2)
  A dart slug (D:3)
  A leopard gecko (D:1)
  2 giant cockroaches (D:2)
  8 goblins
  11 hobgoblins
  2 jackals (D:2)
  5 kobolds
  2 quokkas (D:2)
  2 ball pythons
  2 bats
  4 frilled lizards
  6 rats
55 creatures vanquished.

Notes
Turn   | Place    | Note
-------+----------+-------------------------------------------
     0 | D:1      | Curus the Draconian Berserker began the quest for the Orb.
     0 | D:1      | Reached XP level 1. HP: 19/19 MP: 1/1
   134 | D:1      | Reached XP level 2. HP: 26/26 MP: 2/2
   534 | D:2      | Reached skill level 4 in Polearms
   615 | D:2      | Reached ** piety under Trog
   621 | D:2      | Reached XP level 3. HP: 27/31 MP: 3/3
   806 | D:2      | Reached XP level 4. HP: 21/38 MP: 4/4
  1017 | D:2      | Reached skill level 5 in Polearms
  1583 | D:3      | Noticed Natasha
  1590 | D:3      | Killed Natasha
  1651 | D:3      | Noticed a sky beast
  1661 | D:3      | Killed a sky beast
  1661 | D:3      | Reached skill level 6 in Polearms
  1661 | D:3      | Reached XP level 5. HP: 13/45 MP: 5/5
  1663 | D:3      | Noticed Natasha
  1676 | D:3      | Killed from afar by Natasha

Levels and vault maps discovered:
D:1:      dpeg_arrival_rooms_b, layout_rooms
D:2:      minmay_inner_zag, layout_basic, first_ration
D:3:      layout_loops_ring, chequers_ecumenical_altar_island,
          minmay_misc_feat_four_crosses, uniq_jessica, uniq_crazy_yiuf_cottage,
          uniq_grinder, uniq_natasha

Skill      XL: |  1  2  3  4 |
---------------+-------------+-----
Polearms       | 4 6 |  6.4
Fighting       | |  3.2
Dodging        | |  2.6

Action                   |  1- 3 |  4- 6 || total
-------------------------+-------+-------++-------
Melee: Spear             |   153 |    19 ||   172
       Tailslap          |    19 |    11 ||    30
       Trident           |       |    42 ||    42
Invok: Berserk           |     1 |     1 ||     2
  Use: Potion            |     6 |     1 ||     7
       Scroll            |     5 |     1 ||     6
 Stab: Sleeping          |     4 |     1 ||     5
  Eat: Chunk             |       |     3 ||     3
Armor: Skin              |    47 |     8 ||    55
Dodge: Dodged            |    74 |    19 ||    93
Block: Buckler           |    13 |     5 ||    18
